General information
- name: BNet
- type: Ladder 1vs1/FFA
- host: Battle.net
- saver: d3no.wc4yes
map: TerenasStand
- players: 2
- length: 25:32
- speed: Fast
- version: 1.26 W3XP
- replay type: Public
» download(73 KB)
Players
team 1 (winner)
d3no.wc4yes (
yellow | 68 APM | 1750 actions | 25:32)
5 Archmage
3 Blizzard
2 Brilliance Aura
4 Blood Mage
2 Flame Strike
2 Siphon Mana
» actions
| Assign group hotkey | 38 | |
| Basic commands | 86 | |
| Build / train | 103 | |
| ESC pressed | 3 | |
| Enter build submenu | 43 | |
| Enter hero's abilities submenu | 9 | |
| Give item / drop item | 5 | |
| Right click | 629 | |
| Select / deselect | 406 | |
| Select group hotkey | 226 | |
| Use ability | 202 | |
1750 total
» units
| Peasant | 18 | |
| Goblin Shredder | 2 | |
| Goblin Zeppelin | 2 | |
| Dragonhawk Rider | 3 | |
| Goblin Sapper | 3 | |
28 total
» upgrades
| Masonry | 1 | |
| Gunpowder | 3 | |
| Armor | 4 | |
| Swords | 3 | |
| Cloud | 1 | |
| Storm Hammers | 1 | |
| Animal War Training | 1 | |
| Magic Sentry | 1 | |
| Sorceress Training | 1 | |
| Fragmentation Shards | 1 | |
| Plating | 1 | |
18 total
» buildings
| Altar of Kings | 1 | |
| Farm | 7 | |
| Arcane Vault | 1 | |
| Lumber Mill | 1 | |
| Scout Tower | 31 | |
| Arcane Tower | 2 | |
| Guard Tower | 11 | |
| Town Hall | 1 | |
| Keep | 1 | |
| Blacksmith | 2 | |
| Castle | 1 | |
| Gryphon Aviary | 4 | |
| Barracks | 1 | |
| Arcane Sanctum | 1 | |
| Workshop | 3 | |
68 total
» build order
00:05 Altar of Kings
00:32 Farm
00:34 Farm
01:08 Arcane Vault
01:15 Lumber Mill
01:33 Scout Tower
02:02 Farm
02:03 Farm
02:18 Arcane Tower
02:39 Scout Tower
02:40 Scout Tower
03:12 Guard Tower
03:22 Farm
03:32 Guard Tower
04:54 Scout Tower
04:55 Scout Tower
04:56 Scout Tower
05:08 Scout Tower
05:09 Scout Tower
05:10 Scout Tower
05:31 Guard Tower
05:40 Arcane Tower
05:42 Scout Tower
05:56 Guard Tower
06:26 Town Hall
06:27 Guard Tower
06:41 Scout Tower
06:42 Scout Tower
06:42 Scout Tower
07:02 Guard Tower
07:18 Guard Tower
07:41 Guard Tower
08:40 Scout Tower
08:45 Keep
09:49 Guard Tower
10:18 Blacksmith
10:23 Blacksmith
11:05 Farm
11:17 Castle
11:22 Scout Tower
11:22 Scout Tower
11:24 Scout Tower
11:37 Scout Tower
11:37 Scout Tower
11:55 Guard Tower
12:08 Gryphon Aviary
12:09 Gryphon Aviary
12:11 Gryphon Aviary
13:10 Guard Tower
13:12 Gryphon Aviary
13:45 Farm
14:14 Barracks
17:18 Arcane Sanctum
18:29 Workshop
18:33 Workshop
18:35 Workshop
24:38 Scout Tower
24:39 Scout Tower
24:41 Scout Tower
24:41 Scout Tower
24:49 Scout Tower
24:49 Scout Tower
24:50 Scout Tower
24:51 Scout Tower
24:52 Scout Tower
24:52 Scout Tower
24:53 Scout Tower
24:54 Scout Tower
» items
| Scroll of Regeneration | 10 | |
| Lesser Clarity Potion | 5 | |
| Mechanical Critter | 2 | |
| Staff of Teleportation | 2 | |
| Boots of Speed | 2 | |
| Potion of Invisibility | 2 | |
| Potion of Lesser Invulnerability | 2 | |
| Potion of Healing | 2 | |
| Scroll of Town Portal | 2 | |
| Periapt of Vitality | 1 | |
| Staff of Sanctuary | 1 | |
31 total
team 2 (loser)
Bigmacsauce (
blue | 41 APM | 1044 actions | 25:31)
4 Demon Hunter
2 Evasion
2 Immolation
2 Priestess of the Moon
1 Trueshot Aura
1 Searing Arrows
» actions
| Build / train | 62 | |
| Enter build submenu | 22 | |
| Enter hero's abilities submenu | 6 | |
| Give item / drop item | 5 | |
| Remove unit from queue | 9 | |
| Right click | 599 | |
| Select / deselect | 255 | |
| Use ability | 86 | |
1044 total
» units
| Wisp | 13 | |
| Archer | 7 | |
| Goblin Shredder | 1 | |
| Forest Troll Berserker | 1 | |
| Forest Troll Shadow Priest | 1 | |
| Chimaera | 4 | |
| Hippogryph | 9 | |
36 total
» upgrades
| Strength of the Wild | 1 | |
| Reinforced Hides | 1 | |
| Corrosive Breath | 1 | |
3 total
» buildings
| Altar of Elders | 1 | |
| Moon Well | 11 | |
| Ancient of War | 1 | |
| Tree of Ages | 1 | |
| Ancient of Wonders | 1 | |
| Tree of Eternity | 1 | |
| Hunter's Hall | 1 | |
| Ancient of Wind | 1 | |
| Chimaera Roost | 2 | |
| Tree of Life | 1 | |
| Ancient Protector | 1 | |
22 total
» build order
00:06 Altar of Elders
00:10 Moon Well
00:17 Ancient of War
01:50 Moon Well
01:53 Moon Well
03:45 Tree of Ages
04:31 Moon Well
06:04 Ancient of Wonders
06:14 Tree of Eternity
07:35 Moon Well
07:40 Moon Well
07:44 Moon Well
07:58 Moon Well
08:01 Moon Well
09:03 Hunter's Hall
10:19 Ancient of Wind
11:40 Chimaera Roost
11:43 Chimaera Roost
12:08 Tree of Life
13:22 Ancient Protector
14:31 Moon Well
15:22 Moon Well
» items
| Periapt of Vitality | 1 | |
| Circlet of Nobility | 1 | |
| Staff of Preservation | 1 | |
| Dust of Appearance | 1 | |
4 total
Chat log
(13:35 / All) Bigmacsauce: Really?
(16:07 / All) Bigmacsauce: Mega faggot..
(16:11 / All) d3no.wc4yes: You sound fat.
(16:23 / All) Bigmacsauce: You sound like ur fat and have no life?
(16:26 / All) Bigmacsauce: Correct.
(16:38 / All) d3no.wc4yes: says the guy who needed to think of a name and went straight for big macs
(16:39 / All) d3no.wc4yes: nice
(17:01 / All) Bigmacsauce: Says the guy that went for a name who took him 2 hours to think of.
(17:02 / All) d3no.wc4yes: uh oh hit a nerve ;)
(17:08 / All) Bigmacsauce: ;)
(17:45 / All) Bigmacsauce: Big macs are good not going to lie but least i workout, wbu?
(17:51 / All) d3no.wc4yes: uh oh
(17:56 / All) d3no.wc4yes: internet tough guy time
(18:03 / All) d3no.wc4yes: brb popcorn
(18:05 / All) Bigmacsauce: Uh oh, i say uh oh.
(19:25 / All) d3no.wc4yes: GO GO GO
(19:30 / All) d3no.wc4yes: 1 PEASANT DOWN
(19:43 / All) d3no.wc4yes: worth?
(19:44 / All) Bigmacsauce: NOMNOM
(19:49 / All) Bigmacsauce: Worth
(19:53 / All) Bigmacsauce: Nothing.
(20:00 / All) Bigmacsauce: It's a game
(20:02 / All) d3no.wc4yes: at least pretend like you know how to micro them
(20:11 / All) d3no.wc4yes: now save face about how you dont care
(20:15 / All) d3no.wc4yes: its that time
(20:32 / All) Bigmacsauce: I dont care i havce a life, but you on the other hand fail at trolling my friend.
(20:36 / All) d3no.wc4yes: mm hm
(20:37 / All) d3no.wc4yes: so mad
(20:38 / All) Bigmacsauce: have*
(20:44 / All) d3no.wc4yes: that explains why you're still here
(20:46 / All) Bigmacsauce: I wouldent be mad
(20:47 / All) d3no.wc4yes: because you don't care?
(20:51 / All) Bigmacsauce: It does tho.
(20:59 / All) d3no.wc4yes: they always deny being mad
(21:03 / All) d3no.wc4yes: why is that
(21:15 / All) Bigmacsauce: Haha
(21:26 / All) Bigmacsauce: If i were mad i would of left a;ready
(21:28 / All) d3no.wc4yes: why are ya still here anyway
(21:29 / All) Bigmacsauce: already*
(21:46 / All) Bigmacsauce: So continue on guessing on why i am still here.
(21:50 / All) d3no.wc4yes: i know the reason
(21:54 / All) Bigmacsauce: Go on
(21:54 / All) d3no.wc4yes: its to "Get even" by wasting time
(21:59 / All) d3no.wc4yes: always the reason
(22:03 / All) Bigmacsauce: Nope.
(22:05 / All) Bigmacsauce: Good try.
(22:07 / All) d3no.wc4yes: more denial
(22:08 / All) Bigmacsauce: Try again.
(22:15 / All) d3no.wc4yes: you wont admit the truth
(22:20 / All) d3no.wc4yes: why bother?
(22:21 / All) Bigmacsauce: You're just lieing to you're self my frineds
(22:24 / All) Bigmacsauce: friend*
(22:32 / All) Bigmacsauce: Why bother what?
(22:36 / All) d3no.wc4yes: trying to guess
(22:47 / All) Bigmacsauce: Why not u have nothing ebtter to do?
(22:54 / All) d3no.wc4yes: you first
(23:02 / All) d3no.wc4yes: :D
(23:12 / All) Bigmacsauce: ;)
(23:22 / All) d3no.wc4yes: you never answered my question
(23:33 / All) Bigmacsauce: You never said you had a questing
(23:37 / All) Bigmacsauce: question*
(23:41 / All) d3no.wc4yes: "why are ya still here"
(23:47 / All) d3no.wc4yes: do you go to community college?
(23:49 / All) Bigmacsauce: I have my reasons.
(23:54 / All) d3no.wc4yes: i know them already
(23:57 / All) Bigmacsauce: No i don't.
(24:03 / All) Bigmacsauce: Okay so tell me?
(24:07 / All) Bigmacsauce: You never said
(24:11 / All) d3no.wc4yes: i guess even they have standards
(25:02 / All) Bigmacsauce: Okay, well you're a bit childish so i guess it's time for me to leave gg
(25:05 / All) d3no.wc4yes: lmfao
(25:07 / All) d3no.wc4yes: face saving
(25:19 / All) d3no.wc4yes: never fails
(25:27 / All) Bigmacsauce: Okay whatever you sai LMFAO<--- 10 year old.